 Dungeon Crawl Stone Soup version 0.22.1-1-ga44c0e56f4 (webtiles) character file.

18746 Kniotic the Martial Artist (level 12, -11/84 HPs)
             Began as an Octopode Monk on Nov 5, 2018.
             Was an Elder of Dithmenos.
             Mangled by a seven-headed hydra (14 damage)
             ... on level 4 of the Lair of Beasts.
             The game lasted 00:51:33 (23320 turns).

Kniotic the Martial Artist (Octopode Monk)         Turns: 23320, Time: 00:51:34

Health: -11/84     AC:  3    Str: 11    XL:     12   Next: 61%
Magic:  19/25      EV: 21    Int: 20    God:    Dithmenos [****..]
Gold:   1053       SH:  0    Dex: 15    Spells: 8/14 levels left

rFire    + + +     SeeInvis .     - Unarmed
rCold    . . .     Gourm    +   (no shield)
rNeg     + + .     Faith    .   T - +2 hat
rPois    .         Spirit   .   B - amulet of the gourmand
rElec    .         Reflect  .   e - ring of protection from fire
rCorr    +         Harm     .   m - ring of protection from fire
MR       .....                  s - ring "Raidgh" {rF+ MP+9}
Stlth    +++++++++.             L - ring of positive energy
HPRegen  0.24/turn              O - +4 ring of intelligence
MPRegen  0.19/turn              S - ring of positive energy
                                P - ring of stealth
                                U - ring of resist corrosion

@: confusing touch, very slightly contaminated, wreathed by umbra
A: almost no armour, stealthy swim, amphibious, 8 rings, constrict 8, camouflage
1, gelatinous body 1
a: Shadow Step, Renounce Religion


You were on level 4 of the Lair of Beasts.
You worshipped Dithmenos.
Dithmenos was greatly pleased with you.
You were very full.

You visited 3 branches of the dungeon, and saw 17 of its levels.
You also visited: Sewer.

You collected 1053 gold pieces.

Inventory:

Armour
 T - a +2 hat (worn)
Magical Staves
 C - an uncursed staff of poison
Jewellery
 e - a ring of protection from fire (left tentacle)
 m - a ring of protection from fire (right tentacle)
 s - the ring "Raidgh" (on tentacle) {rF+ MP+9}
   (You found it on level 4 of the Dungeon)

   [ring of magical power]

   It protects you from fire.
   It affects your magic capacity (+9).
 B - an amulet of the gourmand (around mantle)
 L - a ring of positive energy (on tentacle)
 O - a +4 ring of intelligence (on tentacle)
 P - a ring of stealth (on tentacle)
 S - a ring of positive energy (on tentacle)
 U - a ring of resist corrosion (on tentacle)
Wands
 b - a wand of acid (6)
 v - a wand of clouds (4)
 x - a wand of flame (20)
 F - a wand of scattershot (6)
 G - a wand of iceblast (6)
 H - a wand of polymorph (9)
 M - a wand of disintegration (13)
 Q - a wand of random effects (59)
Scrolls
 c - 3 scrolls of blinking
 d - 13 scrolls of remove curse
 j - 3 scrolls of noise {unknown}
 k - 7 scrolls of fog
 p - 3 scrolls of fear
 q - 2 scrolls of immolation
 t - 2 scrolls of enchant armour {unknown}
 u - 5 scrolls of magic mapping
 w - 5 scrolls of teleportation {unknown}
 y - 3 scrolls of enchant weapon {unknown}
 D - a scroll of silence
 E - 3 scrolls of vulnerability {unknown}
 I - 2 scrolls of random uselessness {unknown}
 J - a scroll of amnesia {unknown}
 R - a scroll of brand weapon {unknown}
Potions
 f - 3 potions of haste
 g - a potion of heal wounds
 h - 8 potions of degeneration
 i - 3 potions of magic
 l - 7 potions of curing
 n - 2 potions of mutation
 o - 3 potions of lignification
 r - a potion of brilliance
 A - a potion of flight
 N - a potion of might
Comestibles
 a - 20 rations


   Skills:
 + Level 8.5 Fighting
 - Level 11.0 Dodging
 - Level 10.0 Stealth
 * Level 11.4 Unarmed Combat
 + Level 1.6 Spellcasting
 - Level 6.6 Hexes
 - Level 5.8 Invocations


You had 8 spell levels left.
You knew the following spells:

 Your Spells              Type           Power        Failure   Level  Hunger
a - Confusing Touch       Hex            ####..       1%          1    #......
b - Slow                  Hex            ####....     1%          2    ###....
c - Confuse               Hex            ####....     3%          3    ###....

Your spell library contained the following spells:

 Spells                   Type           Power        Failure   Level  Hunger
 Corona                   Hex            ####...      1%          1    #......
 Cause Fear               Hex            ####......   11%         4    #####..
 Inner Flame              Hex/Fire       ###.....     12%         3    ###....
 Portal Projectile        Hex/Tloc       ###...       12%         3    ###....
 Animate Skeleton         Necr           N/A          17%         1    #......
 Apportation              Tloc           #.....       17%         1    #......
 Summon Small Mammal      Summ           #...         17%         1    #......
 Leda's Liquefaction      Hex/Erth       ###.......   38%         4    #####..
 Gell's Gravitas          Tloc           #.........   45%         3    ###....
 Metabolic Englaciation   Hex/Ice        ###.......   75%         5    ######.
 Yara's Violent Unravell  Hex/Tmut       ###.......   75%         5    ######.
 Petrify                  Tmut/Erth      #.......     86%         4    #####..
 Irradiate                Conj/Tmut      #.........   99%         5    ######.
 Hydra Form               Tmut           #.........   100%        6    #######
 Statue Form              Tmut/Erth      #........    100%        6    #######
 Dragon Form              Tmut           #.........   100%        7    #######


Dungeon Overview and Level Annotations

Branches:
Dungeon (11/15)            Temple (1/1) D:7            Lair (5/6) D:10
 Shoals (0/4) Lair:2       Spider (0/4) Lair:4        Slime (0/5) Lair:5
    Orc (0/2) D:9

Altars:
Ashenzari
Cheibriados
Dithmenos
Elyvilon
Fedhas
Gozag
Hepliaklqana
Kikubaaqudgha
Makhleb
Nemelex Xobeh
Okawaru
Qazlal
Ru
Sif Muna
Trog
Uskayaw
Vehumet
Wu Jian
Xom
Yredelemnul
Zin
The Shining One
Beogh
Jiyva

Shops:
D:6 [

Annotations:
D:6 3 runed doors, destino's ghost, novice MiFi
D:10 Fannar; Nergalle
Lair:2 exclusions: hydra, merfolk and merfolk siren
Lair:4 exclusion: oklob plant
Lair:5 Sonja


Innate Abilities, Weirdness & Mutations

You cannot wear most types of armour.
You are very stealthy in the water. (Stealth+)
You are amphibious.
You can wear up to eight rings at the same time.
You can use your tentacles to constrict eight enemies at once.
Your skin changes colour to match your surroundings (Stealth+).
Your rubbery body absorbs attacks. (AC +1, EV +1)


Message History

Confirm with . or Enter, or press ? or * to list all spells.
Your tentacles begin to glow red.
The seven-headed hydra barely misses you.
The seven-headed hydra completely misses you.
The seven-headed hydra closely misses you.
The seven-headed hydra completely misses you.
The seven-headed hydra bites you!
* * * LOW HITPOINT WARNING * * *
The seven-headed hydra closely misses you. x2
You tentacle-slap the seven-headed hydra but do no damage.
You tentacle-slap the seven-headed hydra, but do no damage.
The seven-headed hydra is heavily wounded.
The seven-headed hydra completely misses you.
The seven-headed hydra barely misses you.
The seven-headed hydra bites you!
* * * LOW HITPOINT WARNING * * *
The seven-headed hydra bites you.
* * * LOW HITPOINT WARNING * * *
The seven-headed hydra bites you!
You die...

*,P,*,****,,,,P,,**,P*,,,,,,,,,,
*,***,**###..P#*##,,****,,,,,,,,
*,,,**,,#.....P#.#######,<,,,,,,
#........................,,,,,,,
#.........................,,,,,,
#.........................,,****
#.........................,**
*#.........................,*****
*#..............@..........,*PP*,
*#...............D.........,,,,,,
*#..................)......,,,,,,
#.#.#####..#.#.###........,,,,,,
*#..## ######## #........,,,,,,
*#.###### ***** **#........,,,,,,
*#..#...###P*,***,.........,,,,,,
*#..........,,,,,..........,,,,,,
*#..........,,,,...........,,,,,,


You could see a seven-headed hydra.

Vanquished Creatures
  Josephine (Lair:4)
  A death yak (Lair:4)
  Pikel (D:5)
  A torpor snail (Lair:3)
  5 spiny frogs
  4 rime drakes
  3 komodo dragons (Lair:2)
  7 blink frogs
  5 hippogriffs
  A shadow (D:10)
  4 wyverns
  13 yaks
  4 wraiths (Lair:4)
  2 basilisks
  Menkaure (D:7)
  9 water moccasins
  Duvessa (D:4)
  5 porcupines
  A slave (D:5)
  3 sky beasts
  2 orc warriors
  2 ice beasts
  2 black bears
  A phantom (D:4)
  5 ogres
  21 wolves
  4 crocodiles
  A big kobold (D:11)
  10 bullfrogs
  A gnoll sergeant (D:7)
  2 scorpions
  Dowan (D:4)
  3 wights (D:8)
  9 killer bees
  A howler monkey (D:6)
  An electric eel (Lair:1)
  6 hounds
  2 centaur zombies
  4 crimson imps
  2 orc priests
  2 jellies
  5 orc wizards
  A bullfrog skeleton (D:10)
  2 centaur skeletons
  An iguana (D:5)
  Ijyb (D:5)
  Natasha (thrice) (D:4)
  4 worker ants
  A killer bee zombie (D:6)
  A hound zombie (D:7)
  3 worker ant zombies
  Robin (D:4)
  5 gnolls
  20 adders
  A shadow imp (D:9)
  An ooze (D:3)
  2 adder skeletons
  2 worms
  5 leopard geckos
  18 orcs
  2 ball pythons
  3 giant cockroaches
  14 goblins
  10 hobgoblins
  9 jackals
  7 kobolds
  5 quokkas
  7 bats
  11 frilled lizards
  2 leopard gecko skeletons (D:4)
  17 rats
318 creatures vanquished.

Vanquished Creatures (others)
  8 fungi
  24 plants
32 creatures vanquished.

Grand Total: 350 creatures vanquished

Notes
Turn   | Place    | Note
-------+----------+-------------------------------------------
     0 | D:1      | Kniotic the Octopode Monk began the quest for the Orb.
     0 | D:1      | Reached XP level 1. HP: 16/16 MP: 1/1
   123 | D:1      | Reached XP level 2. HP: 21/21 MP: 2/2
   560 | D:2      | Reached XP level 3. HP: 19/26 MP: 3/3
   922 | D:2      | Reached XP level 4. HP: 19/31 MP: 4/4
  1567 | D:2      | Reached XP level 5. HP: 26/36 MP: 5/5
  1656 | D:3      | Reached skill level 5 in Unarmed Combat
  1772 | D:3      | Found a snail-covered altar of Cheibriados.
  1940 | D:3      | Found a hide-covered altar of Uskayaw.
  1941 | D:3      | Found a shimmering altar of Xom.
  2077 | D:4      | Noticed Robin
  2077 | D:4      | Noticed Dowan
  2077 | D:4      | Noticed Duvessa
  2096 | D:4      | Noticed an ogre
  2129 | D:4      | Got a smoking ivory ring
  2135 | D:4      | Noticed a phantom
  2180 | D:4      | Identified the ring "Raidgh" {rF+ MP+9} (You found it on
                  | level 4 of the Dungeon)
  2186 | D:4      | Killed a phantom
  2186 | D:4      | Reached XP level 6. HP: 9/42 MP: 6/6
  3004 | D:4      | Noticed Natasha
  3012 | D:4      | Killed Natasha
  3052 | D:4      | Killed Robin
  3052 | D:4      | Reached XP level 7. HP: 24/46 MP: 7/7
  3070 | D:4      | Reached skill level 5 in Dodging
  3222 | D:4      | Noticed Natasha
  3230 | D:4      | Killed Natasha
  3351 | D:4      | Noticed Natasha
  3359 | D:4      | Killed Natasha
  3403 | D:4      | Killed Dowan
  3632 | D:5      | Entered Level 5 of the Dungeon
  3696 | D:5      | Found a glowing drain.
  3710 | Sewer    | Entered a sewer
  4071 | D:5      | Noticed Ijyb
  4085 | D:5      | Killed Ijyb
  4502 | D:5      | Reached XP level 8. HP: 33/52 MP: 8/8
  4809 | D:5      | Noticed Pikel
  4822 | D:5      | Killed Pikel
  5811 | D:6      | Reached XP level 9. HP: 53/56 MP: 9/9
  5919 | D:6      | Found Godi's Armour Emporium.
  6306 | D:6      | Found a runed gate.
  6306 | D:6      | Found a runed gate.
  6306 | D:6      | Found a runed gate.
  6312 | D:6      | Noticed destino's ghost (novice MiFi)
  6327 | D:6      | Found an iron altar of Okawaru.
  6337 | D:6      | Reached skill level 10 in Unarmed Combat
  6629 | D:6      | Found the +0 Maxwell's etheric cage {RegenMP+ *Contam rElec
                  | MP+4}
  6629 | D:6      | Found a roughly hewn altar of Beogh.
  7224 | D:7      | Noticed Menkaure
  7233 | D:7      | Killed Menkaure
  7971 | D:7      | Found a bloodstained altar of Trog.
  7979 | D:7      | Found a staircase to the Ecumenical Temple.
  7986 | Temple   | Entered the Ecumenical Temple
  8091 | Temple   | Became a worshipper of Dithmenos the Shadowed
  8091 | Temple   | Reached * piety under Dithmenos
  8091 | Temple   | Reached ** piety under Dithmenos
  8505 | D:8      | Reached skill level 1 in Invocations
  8909 | D:8      | Found a stormy altar of Qazlal.
  8936 | D:8      | Reached XP level 10. HP: 43/63 MP: 12/12
  9662 | D:9      | Found a staircase to the Orcish Mines.
 10219 | D:10     | Entered Level 10 of the Dungeon
 10222 | D:10     | Noticed Nergalle
 10352 | D:10     | Noticed Fannar
 10435 | D:10     | Found a staircase to the Lair.
 11488 | D:11     | Reached skill level 5 in Invocations
 11842 | D:11     | Noticed a manticore
 12126 | D:6      | Reached skill level 5 in Stealth
 12311 | D:4      | Killed Duvessa
 12311 | D:4      | Reached *** piety under Dithmenos
 12790 | Lair:1   | Entered Level 1 of the Lair of Beasts
 13679 | Lair:1   | Reached skill level 10 in Dodging
 13848 | Lair:1   | Reached XP level 11. HP: 60/69 MP: 15/15
 14637 | Lair:1   | Learned a level 1 spell: Confusing Touch
 14907 | Lair:1   | Reached skill level 1 in Hexes
 15093 | Lair:1   | Reached skill level 5 in Fighting
 15793 | Lair:2   | Noticed a five-headed hydra
 18217 | Lair:2   | Found a staircase to the Shoals.
 18428 | Lair:3   | Noticed a catoblepas
 18646 | Lair:3   | Reached **** piety under Dithmenos
 18868 | Lair:3   | Reached skill level 10 in Stealth
 19006 | Lair:3   | Reached XP level 12. HP: 80/80 MP: 16/16
 19760 | Lair:3   | Reached skill level 5 in Hexes
 20267 | Lair:3   | Learned a level 2 spell: Slow
 20271 | Lair:3   | Learned a level 3 spell: Confuse
 20614 | Lair:4   | Noticed a seven-headed hydra
 20808 | Lair:4   | Found a hole to the Spider Nest.
 20908 | Lair:4   | Noticed Josephine
 20929 | Lair:4   | HP: 1/82 [Josephine/dagger (7)]
 20932 | Lair:4   | Killed Josephine
 21761 | Lair:5   | Noticed a death yak
 21792 | Lair:5   | Noticed a death yak
 21792 | Lair:5   | Noticed a death yak
 21792 | Lair:5   | Noticed a death yak
 21863 | Lair:5   | Found a viscous altar of Jiyva.
 21866 | Lair:5   | Found a staircase to the Slime Pits.
 22357 | Lair:5   | Reached skill level 1 in Spellcasting
 22606 | Lair:5   | Noticed a death yak
 22606 | Lair:5   | Noticed a death yak
 22684 | Lair:4   | Killed a death yak
 22784 | Lair:5   | Noticed a death yak
 22784 | Lair:5   | Noticed Sonja
 23320 | Lair:4   | HP: 3/84 [seven-headed hydra (5)]
 23320 | Lair:4   | Mangled by a seven-headed hydra

Skill      XL: |  1  2  3  4  5  6  7  8  9 10 11 12 |
---------------+-------------------------------------+-----
Unarmed Combat | 4 5 6 7 9 11 | 11.4
Dodging        | 4 5 7 8 10 11 | 11.0
Invocations    | 2 5 |  5.8
Stealth        | 7 10 | 10.0
Fighting       | 4 6 8 |  8.5
Hexes          | 4 6 |  6.6
Spellcasting   | 1 |  1.6

Action                   |  1- 3 |  4- 6 |  7- 9 | 10-12 || total
-------------------------+-------+-------+-------+-------++-------
Melee: Unarmed           |    68 |   109 |   301 |   751 ||  1229
       Constrict         |    16 |    23 |    59 |    77 ||   175
       Tentacles         |    10 |    22 |    70 |   152 ||   254
       Punch             |       |     5 |    22 |    80 ||   107
Throw: Throwing net      |       |       |     1 |       ||     1
 Cast: Confusing Touch   |       |       |       |    44 ||    44
       Slow              |       |       |       |     1 ||     1
       Confuse           |       |       |       |     1 ||     1
Invok: Shadow Step       |       |       |       |     1 ||     1
Evoke: Wand              |       |       |    11 |     4 ||    15
  Use: Scroll            |       |     8 |     3 |    15 ||    26
       Potion            |       |     1 |       |     3 ||     4
 Stab: Sleeping          |     4 |     8 |    16 |    35 ||    63
       Distracted        |       |     1 |     3 |     4 ||     8
       Held in net/web   |       |       |     1 |       ||     1
       Confused          |       |       |       |    25 ||    25
  Eat: Chunk             |       |     4 |    26 |    45 ||    75
       Ration            |       |     1 |       |       ||     1
Armor: Skin              |     4 |     7 |     5 |    15 ||    31
Dodge: Dodged            |    41 |   105 |   218 |   576 ||   940
